 Dungeon Crawl Stone Soup version 0.23.2-33-g5129a83184 (webtiles) character file.

Game seed: 16819758728623546919

253 Destapler the Skirmisher (level 6, 0/39 HPs)
             Began as a Gargoyle Monk on Aug 10, 2019.
             Slain by a gnoll
             ... wielding a +0 flail
              (7 damage)
             ... on level 4 of the Dungeon on Aug 11, 2019.
             The game lasted 00:16:05 (4481 turns).

Destapler the Skirmisher (Gargoyle Monk)            Turns: 4481, Time: 00:16:06

Health: 0/39       AC:  7    Str: 21    XL:     6   Next: 14%
Magic:  6/6        EV: 12    Int: 11    God:
Gold:   143        SH:  0    Dex: 12    Spells: 5/5 levels left

rFire    . . .     SeeInvis +   a - +0 mace
rCold    . . .     Gourm    +   (no shield)
rNeg     + . .     Faith    .   h - +0 leather armour
rPois    ∞         Spirit   .   (no helmet)
rElec    +         Reflect  .   (no cloak)
rCorr    .         Harm     .   (no gloves)
MR       .....                  (no boots)
Stlth    ++........             w - amulet of the gourmand
HPRegen  0.13/turn              v - ring of see invisible
MPRegen  0.10/turn              (no ring)

@: mighty
A: negative energy resistance 1, electricity resistance, unbreathing,
petrification resistance, rot immunity, AC +4
a: no special abilities


You were on level 4 of the Dungeon.
You were not hungry.

You visited 1 branch of the dungeon, and saw 4 of its levels.

You collected 143 gold pieces.

Inventory:

Hand Weapons
 a - a +0 mace (weapon)
 q - a +2 short sword of freezing
Missiles
 g - 135 stones (quivered)
Armour
 h - a +0 leather armour (worn)
Jewellery
 n - an uncursed amulet of guardian spirit
 v - a ring of see invisible (left hand)
 w - an amulet of the gourmand (around neck)
Scrolls
 b - 3 scrolls of identify {unknown}
 e - 3 scrolls of magic mapping {unknown}
 f - 4 scrolls of remove curse {unknown}
 k - a scroll of fear {unknown}
 m - a scroll of enchant armour {unknown}
 o - a scroll of immolation {unknown}
 t - a scroll of amnesia {unknown}
 y - a scroll of noise {unknown}
Potions
 i - a potion of flight {unknown}
 j - 2 potions of degeneration {unknown}
 l - a potion of berserk rage {unknown}
 p - a potion of cancellation {unknown}
 r - 2 potions of curing {unknown}
 s - a potion of haste {unknown}
 x - a potion of heal wounds {unknown}
Comestibles
 c - 8 rations
 u - a chunk of flesh


   Skills:
 + Level 4.5 Fighting
 + Level 4.1 Maces & Flails
 + Level 2.3 Armour
 - Level 3.0 Dodging
 + Level 4.0 Stealth


You had 5 spell levels left.
You didn't know any spells.
Your spell library was empty.

Dungeon Overview and Level Annotations

Branches:
Dungeon (4/15)
 Temple: D:4-7

Altars:


Innate Abilities, Weirdness & Mutations

You are resistant to torment.
Your stone body is resilient. (AC +4)
You are immune to poison.
You resist negative energy. (rN+)
You are resistant to electric shocks. (rElec)
You can survive without breathing.
You are immune to petrification.
You are immune to rotting.


Message History

The leopard gecko skeleton misses you.
You are too injured to fight recklessly!
You sock the leopard gecko skeleton!
You destroy the leopard gecko skeleton!
The gnoll hits you from afar with a +0 halberd!
* * * LOW HITPOINT WARNING * * *
You closely miss the gnoll.
The gnoll hits you from afar with a +0 halberd!
* * * LOW HITPOINT WARNING * * *
The gnoll misses you.
You hit the gnoll.
The gnoll is heavily wounded.
The gnoll barely misses you.
The gnoll throws a throwing net.
The throwing net barely misses you.
You see here a +0 spear.
Found 15 stones.
You barely miss the gnoll.
The gnoll is moderately wounded.
The gnoll misses you. The gnoll hits you with a +0 flail!
You die...

.... #.......##.# #...###
..[.. #.##....##.###...#..
.(g...##.##>...##..(.......
(.(........)...............
.....#####.#####)..........
... #.# #.####...#.. . #.#
#.# #...### #.# #.# #...#
#@#####.# #.<.# #.gg....#
##.#### ##.##########.....
#.#.............#
#(#.#####.##.##.#
..#.#####.##.##..
###.##..........#
#.##...........
#..#.##.....<.#


You could see 2 gnolls.

Vanquished Creatures
  A howler monkey (D:4)
  An orc priest (D:3)
  An orc wizard (D:2)
  2 gnolls (D:4)
  3 adders
  An ooze (D:2)
  4 worms
  A dart slug (D:1)
  3 leopard geckos
  9 orcs
  3 giant cockroaches
  8 goblins
  9 hobgoblins
  3 jackals (D:2)
  A quokka (D:3)
  2 ball pythons
  8 bats
  6 frilled lizards
  13 kobolds
  A leopard gecko skeleton (D:4)
  7 rats
87 creatures vanquished.

Notes
Turn   | Place    | Note
-------+----------+-------------------------------------------
     0 | D:1      | Destapler the Gargoyle Monk began the quest for the Orb.
     0 | D:1      | Reached XP level 1. HP: 14/14 MP: 1/1
   229 | D:1      | Reached XP level 2. HP: 11/19 MP: 2/2
   750 | D:1      | Reached XP level 3. HP: 23/23 MP: 3/3
  1741 | D:2      | Reached XP level 4. HP: 18/29 MP: 4/4
  2589 | D:2      | Reached skill level 1 in Armour
  3347 | D:2      | Reached XP level 5. HP: 15/33 MP: 5/5
  4302 | D:4      | Reached XP level 6. HP: 37/39 MP: 4/6
  4481 | D:4      | Slain by a gnoll

Skill      XL: |  1  2  3  4  5  6 |
---------------+-------------------+-----
Dodging        | 3 |  3.0
Stealth        | 3 4 |  4.0
Armour         | 1 2 |  2.3
Fighting       | 4 |  4.5
Maces & Flails | 4 |  4.1

Action                   |  1- 3 |  4- 6 || total
-------------------------+-------+-------++-------
Melee: Mace              |   133 |   190 ||   323
Throw: Stone             |     3 |     4 ||     7
  Use: Potion            |       |     1 ||     1
 Stab: Sleeping          |     2 |     3 ||     5
  Eat: Chunk             |     3 |    12 ||    15
Armor: Robe              |    27 |       ||    27
       Leather armour    |    44 |    74 ||   118
Dodge: Dodged            |   155 |   138 ||   293
